 Dungeon Crawl Stone Soup version 0.29-a0-1014-ga8c0faee3b (webtiles) character file.

Game seed: 10221319611506939295

50 BritishOli the Trooper (level 3, 0/29 HPs)
             Began as a Demonspawn Fighter on Aug 9, 2022.
             Killed from afar by Sigmund (8 damage)
             ... with a puff of flame
             ... on level 2 of the Dungeon.
             The game lasted 00:00:56 (1552 turns).

BritishOli the Trooper (Demonspawn Fighter)         Turns: 1552, Time: 00:00:56

Health: 0/29       AC:  6    Str: 18    XL:     3   Next: 55%
Magic:  3/3        EV:  9    Int:  9    God:
Gold:   59         SH:  4    Dex: 12    Spells: 2/2 levels left

rFire   . . .      SeeInvis .   a - +0 long sword
rCold   . . .      Faith    .   c - +0 buckler
rNeg    . . .      Spirit   .   b - +0 scale mail
rPois   .          Reflect  .   (helmet restricted)
rElec   .          Harm     .   (no cloak)
rCorr   .          Rampage  .   (no gloves)
Will    .....                   (no boots)
Stlth   ..........              (no amulet)
HPRegen 0.09/turn               (no ring)
MPRegen 0.08/turn               (no ring)

@: no status effects
A: horns 2
a: no special abilities


You were on level 2 of the Dungeon.
You visited 1 branch of the dungeon, and saw 2 of its levels.

You collected 59 gold pieces.

Inventory:

Hand Weapons
 a - a +0 long sword (weapon)
Armour
 b - a +0 scale mail (worn)
 c - a +0 buckler (worn)
Scrolls
 e - a scroll of immolation {unknown}
 f - a scroll of vulnerability {unknown}
 h - a scroll of teleportation {unknown}
 i - a scroll of identify {unknown}
Potions
 d - a potion of might
 g - a potion of mutation {unknown}
 j - a potion of lignification {unknown}
 k - a potion of brilliance {unknown}


   Skills:
 + Level 3.4 Fighting
 + Level 2.3 Long Blades
 + Level 3.1 Armour
 + Level 3.1 Shields


You had 2 spell levels left.
You didn't know any spells.
Your spell library contained the following spells:

 Spells                   Type           Power      Damage    Failure   Level
 Ozocubu's Armour         Ice            0%         N/A       99%         3
 Ozocubu's Refrigeration  Ice            0%         4d7       100%        7


Dungeon Overview and Level Annotations

Branches:
Dungeon (2/15)

Altars:
Dithmenos

Annotations:
D:2 Sigmund


Innate Abilities, Weirdness & Mutations

You have a pair of horns on your head.


Message History

Sigmund shouts!
The endoplasm quivers.
The bat barely misses you.
Sigmund points at you and mumbles some strange words.
The magic dart hits you!
Found a stone staircase leading up.
The bat closely misses you. x2
Found a bubbling puce potion.
The bat hits you but does no damage.
You slash the bat!
You kill the bat!
Sigmund closely misses you.
You slash the endoplasm!
You kill the endoplasm!
Sigmund hits you but does no damage.
Found a scroll labelled RIGAARCHYDWU.
Sigmund casts a spell.
Sigmund flickers and vanishes!
Deactivating autopickup; reactivate with Ctrl-A.
No target in view!
No target in view!
No target in view!
No target in view!
No target in view!
You miss something. Something hits you but does no damage.
You miss something. Your headbutt misses something.
You block something's attack.
You miss something. Something hits you!
You barely miss something. Your headbutt misses something.
Something hits you but does no damage.
You miss something. Something hits you.
You miss something. Your headbutt misses something.
Something hits you but does no damage.
You closely miss something. You miss something. Your headbutt misses something.
Something hits you.
You barely miss something. Something hits you.
* * * LOW HITPOINT WARNING * * *
You miss something. You headbutt something!
You hear some strange, mumbled words.
A puff of flame appears from out of thin air!
The puff of flame hits you!
You die...

#.....####...[####
.#....
#..........####
###.. #?.....#####
##. #.......### #
#. ####†....?#
###.. #.
##.......##.....
#.
#...............
#.
#........{#.....
#.
#...)...@.......
#.........#.....
#...........<..?
#.........##..<.
#.........# ...
#.........# ..
#.........# .
#!........#


There were no monsters in sight!

Vanquished Creatures
  2 adders (D:2)
  2 dart slugs (D:1)
  2 ball pythons
  3 endoplasms
  A giant cockroach (D:2)
  4 goblins
  2 hobgoblins
  A quokka (D:1)
  5 bats
  A frilled lizard (D:2)
  4 kobolds
  A rat (D:1)
28 creatures vanquished.

Notes
Turn   | Place    | Note
-------+----------+-------------------------------------------
     0 | D:1      | BritishOli the Demonspawn Fighter began the quest for the
                  | Orb.
     0 | D:1      | Reached XP level 1. HP: 18/18 MP: 1/1
   322 | D:1      | Gained mutation: You have a pair of small horns on your
                  | head. [demonic ancestry]
   322 | D:1      | Reached XP level 2. HP: 24/24 MP: 2/2
   398 | D:1      | Found a faded altar of an unknown god.
  1088 | D:2      | Gained mutation: You have a pair of horns on your head.
                  | [demonic ancestry]
  1088 | D:2      | Reached XP level 3. HP: 16/29 MP: 3/3
  1434 | D:2      | Found a shadowy altar of Dithmenos.
  1537 | D:2      | Noticed Sigmund
  1552 | D:2      | Killed from afar by Sigmund

Illustrated notes

Levels and vault maps discovered:
D:1:      lightli_molten_gateway, layout_loops_ring,
          chequers_ecumenical_altar_lobes
D:2:      layout_rooms, basic_altar, uniq_sigmund

Skill      XL: |  1  2 |
---------------+-------+-----
Long Blades    | 2 |  2.3
Armour         | 3 |  3.1
Shields        | 3 |  3.1
Fighting       | |  3.4

Action                   || total
-------------------------++-------
Melee: Long sword        ||    82
       Headbutt          ||     8
Armor: Scale mail        ||    59
Dodge: Dodged            ||    49
Block: Buckler           ||    26

Table legend: (Time is in decaauts)
 A = Elapsed time spent in this place.
 B = Non-inter-level travel time spent in this place.
 C = Inter-level travel time spent in this place.
 D = Time resting spent in this place.
 E = Time spent auto-exploring this place.
 F = Levels seen in this place.
 G = Mean time per level.
                   A        B        C        D        E       F      G
               +--------+--------+--------+--------+--------+-----+--------+
         Total |   1579 |   1527 |     52 |    246 |   1071 |   2 |  789.5 |
       Dungeon |   1579 |   1527 |     52 |    246 |   1071 |   2 |  789.5 |
               +--------+--------+--------+--------+--------+-----+--------+

Top non-repeatable levels by time:
     D:1: 1085 daAuts
     D:2: 493 daAuts
